 Dungeon Crawl Stone Soup version 0.26-a0-651-gb41185065b (webtiles) character file.

Game seed: 15390398491953153458

158 Irenicus the Digger (level 5, 40/42 HPs)
             Began as a Deep Dwarf Earth Elementalist on Oct 10, 2020.
             Quit the game on level 3 of the Dungeon.
             The game lasted 00:09:00 (1429 turns).

Irenicus the Digger (Deep Dwarf Earth Elementalist) Turns: 1429, Time: 00:09:00

Health: 40/42      AC:  5    Str: 12    XL:     5   Next: 16%
Magic:  7/7        EV: 11    Int: 16    God:
Gold:   91         SH:  0    Dex: 13    Spells: 2/8 levels left

rFire    + . .     SeeInvis .   d - +1 spear (vorpal)
rCold    + . .     Faith    .   (no shield)
rNeg     . . .     Spirit   .   a - +0 ring mail
rPois    .         Reflect  .   (no helmet)
rElec    .         Harm     .   m - scarf {rC+ rF+}
rCorr    .         Rampage  .   (no gloves)
MR       .....     Rnd*Tele +   (no boots)
Stlth    ++........             t - amulet of the acrobat
HPRegen  0.00/turn              n - ring of stealth {Stlth+}
MPRegen  0.10/turn              r - ring of teleportation (curse) {+/*tele, !d}

@: non-regenerating
A: damage resistance, heal wounds, sense surroundings 1, no regeneration
a: Heal Wounds


You were on level 3 of the Dungeon.
You visited 1 branch of the dungeon, and saw 3 of its levels.

You collected 91 gold pieces.

Inventory:

Hand Weapons
 d - a +1 vorpal spear (weapon)
   (You found it on level 1 of the Dungeon)
 e - a +1 dagger of flaming
   (You took it off a goblin on level 1 of the Dungeon)
Armour
 a - a +0 ring mail (worn)
   (You found it on level 1 of the Dungeon)
 j - a +0 cloak
   (You found it on level 1 of the Dungeon)
 m - a scarf of resistance (worn)
   (You found it on level 2 of the Dungeon)
Jewellery
 n - a ring of stealth (left hand) {Stlth+}
   (You found it on level 2 of the Dungeon)
 r - a cursed ring of teleportation (right hand) {+/*tele, !d}
   (You found it on level 2 of the Dungeon)
 t - an amulet of the acrobat (around neck)
   (You found it on level 3 of the Dungeon)
Scrolls
 c - 4 scrolls of teleportation {unknown}
 g - 2 scrolls of immolation {unknown}
 h - 6 scrolls of identify
 l - a scroll of amnesia {unknown}
 o - 2 scrolls of remove curse {unknown}
Potions
 b - a potion of cancellation {unknown}
 f - 2 potions of degeneration {unknown}
 i - 2 potions of might {unknown}
 k - 2 potions of heal wounds {unknown}
 p - a potion of stabbing {unknown}
 q - a potion of resistance {unknown}
 s - 2 potions of curing {unknown}


   Skills:
 - Level 2.1 Dodging
 - Level 2.4 Stealth
 - Level 2.0 Spellcasting
 - Level 0.8 Transmutations
 + Level 7.7 Earth Magic


You had 2 spell levels left.
You knew the following spells:

 Your Spells              Type           Power        Failure   Level
a - Sandblast             Erth           ####..       1%          1
w - Passwall              Tmut/Erth      ###.....     12%         2
x - Stone Arrow           Conj/Erth      ##....       28%         3

Your spell library contained the following spells:

 Spells                   Type           Power        Failure   Level
 Lee's Rapid Deconstruct  Erth           ####......   50%         5
 Petrify                  Tmut/Erth      ###.....     63%         4


Dungeon Overview and Level Annotations

Branches:
Dungeon (3/15)

Altars:

Annotations:
D:1 1 runed translucent door


Innate Abilities, Weirdness & Mutations

You are resistant to damage.
You can heal yourself by infusing magical energy.
You passively map a small area around you.
You do not regenerate.


Message History

You kill the kobold!
Things that are here:
a +0 club; a kobold corpse A bat comes into view.
MP restored: 8 A goblin comes into view.
The bat completely misses you. The bat completely misses you.
The bat misses you.
You closely miss the bat. The bat closely misses you. x2
You hit the bat.
You kill the bat!
The goblin shouts!
You reach to attack!
You barely miss the goblin. The goblin closely misses you.
You closely miss the goblin. The goblin closely misses you.
You hit the goblin.
The goblin is severely wounded.
The goblin hits you but does no damage.
You barely miss the goblin.
The goblin is severely wounded.
The goblin barely misses you.
You hit the goblin.
You kill the goblin!
No target in view!
You see here a goblin corpse.
An orc comes into view.
You reach to attack!
The helpless orc fails to defend itself.
You hit the orc.
The orc is moderately wounded.
You closely miss the orc.
The orc is moderately wounded.
The orc hits you but does no damage.
You hit the orc.
The orc is almost dead.
The orc hits you.
You take 2 damage, and have 32/42 hp.
You barely miss the orc.
The orc is almost dead.
The orc closely misses you.
You hit the orc but do no damage.
The orc is almost dead.
The orc barely misses you.
You hit the orc.
You kill the orc!
You see here a +0 ring mail.
The adder hisses angrily.
You miss the adder. The adder barely misses you.
You closely miss the adder. The adder closely misses you.
The adder bites you but does no damage.
You hit the adder.
The adder is moderately wounded.
The adder bites you.
You miss the adder.
The adder is moderately wounded.
The adder bites you. x2
You take 3 damage, and have 29/42 hp.
You closely miss the adder.
The adder is moderately wounded.
The adder misses you.
You hit the adder.
The adder is almost dead.
The adder misses you.
Casting: Stone Arrow (quite dangerous; 30% risk of failure)
Confirm with . or Enter, or press ? or * to list all spells.
The spell is quite dangerous to cast (30% risk of failure)!
Continue anyway?
Okay, then.
An adder is nearby!
Unknown command.
You hit the adder but do no damage.
The adder is almost dead.
The adder barely misses you. The adder bites you but does no damage.
You hit the adder.
You kill the adder!
A worm comes into view.
You reach to attack!
You hit the worm.
The worm is heavily wounded.
You hit the worm but do no damage.
The worm is moderately wounded.
The worm barely misses you.
You hit the worm.
The worm is severely wounded.
You hit the worm.
The worm is almost dead.
The worm bites you!
You take 7 damage, and have 22/42 hp.
You barely miss the worm.
The worm is almost dead.
The worm bites you.
You take 2 damage, and have 20/42 hp.
You hit the worm.
The worm is almost dead.
You hit the worm.
You kill the worm!
No target in view!
You fail to use your ability.
Your magical essence is drained by the effort!
You feel much better.
You regained 20 hp, and now have 40/42 hp.
You now have 7/7 mp.
Are you sure you want to abandon this character and quit the game? (Confirm with "yes".)

#.# #.# * #.#
*, #.# , *
#.# , , , *
#.# * *, #.#
. , , , #.#
####... ,
#.####.......
#....@†# *
########


There were no monsters in sight!

Vanquished Creatures
  5 adders
  An ooze (D:2)
  5 worms
  2 leopard geckos (D:2)
  6 orcs (D:3)
  9 ball pythons
  9 bats
  4 giant cockroaches
  8 goblins
  8 hobgoblins
  8 jackals (D:2)
  10 kobolds
  2 frilled lizards
  3 rats
80 creatures vanquished.

Notes
Turn   | Place    | Note
-------+----------+-------------------------------------------
     0 | D:1      | Irenicus the Deep Dwarf Earth Elementalist began the quest
                  | for the Orb.
     0 | D:1      | Reached XP level 1. HP: 15/15 MP: 3/3
     1 | D:1      | Found a runed translucent door.
    98 | D:1      | Reached skill level 2 in Spellcasting
   163 | D:1      | Reached XP level 2. HP: 22/22 MP: 5/5
   312 | D:1      | Learned a level 2 spell: Passwall
   435 | D:2      | Reached skill level 5 in Earth Magic
   532 | D:2      | Reached XP level 3. HP: 25/28 MP: 0/6
   630 | D:2      | Reached skill level 6 in Earth Magic
   919 | D:3      | Reached XP level 4. HP: 30/36 MP: 2/7
  1119 | D:3      | Reached skill level 7 in Earth Magic
  1247 | D:3      | Reached XP level 5. HP: 21/42 MP: 1/8
  1314 | D:3      | Learned a level 3 spell: Stone Arrow
  1429 | D:3      | Quit the game

Illustrated notes

Levels and vault maps discovered:
D:1:      dpeg_arrival_caged_fury, layout_rooms
D:2:      layout_loops_cross
D:3:      layout_loops_ring, columned_hall_lemuel, minmay_snake_closets

Skill      XL: |  1  2  3  4 |
---------------+-------------+-----
Spellcasting   | 2 |  2.0
Earth Magic    | 5 6 7 |  7.7
Dodging        | |  2.1
Stealth        | |  2.4
Transmutations | |  0.8

Action                   |  1- 3 |  4- 6 || total
-------------------------+-------+-------++-------
Melee: Spear             |    22 |    95 ||   117
 Cast: Sandblast         |    40 |    24 ||    64
       Passwall          |     3 |     4 ||     7
 Abil: Heal Wounds       |       |     2 ||     2
  Use: Scroll            |       |     1 ||     1
 Stab: Sleeping          |       |     8 ||     8
       Distracted        |       |     1 ||     1
Armor: Ring mail         |     7 |    27 ||    34
Dodge: Dodged            |    23 |    68 ||    91

Table legend: (Time is in decaauts)
 A = Elapsed time spent in this place.
 B = Non-inter-level travel time spent in this place.
 C = Inter-level travel time spent in this place.
 D = Time resting spent in this place.
 E = Time spent auto-exploring this place.
 F = Levels seen in this place.
 G = Mean time per level.
                   A        B        C        D        E       F      G
               +--------+--------+--------+--------+--------+-----+--------+
         Total |   1438 |   1438 |      0 |      0 |      0 |   3 |  479.3 |
       Dungeon |   1438 |   1438 |      0 |      0 |      0 |   3 |  479.3 |
               +--------+--------+--------+--------+--------+-----+--------+

Top non-repeatable levels by time:
     D:2: 529 daAuts
     D:3: 525 daAuts
     D:1: 384 daAuts

Table legend:
 A = Kills in this place as a percentage of kills in entire the game.
 B = Kills by you in this place as a percentage of kills by you in the entire game.
 C = Kills by friends in this place as a percentage of kills by friends in the entire game.
 D = Other kills in this place as a percentage of other kills in the entire game.
 E = Experience gained in this place as a percentage of experience gained in the entire game.
 F = Experience gained in this place divided by the number of levels of this place that you have seen.
                   A       B       C       D       E      F
               +-------+-------+-------+-------+-------+----------------------
         Total | 100.0 | 100.0 |   N/A |   N/A | 100.0 |  75.7
       Dungeon | 100.0 | 100.0 |   N/A |   N/A | 100.0 |  75.7
               +-------+-------+-------+-------+-------+----------------------
